 Dungeon Crawl Stone Soup version 0.29-a0-233-g1125b37a9b (webtiles) character file.

Game seed: 5492941826378977182

3431 tognito the Cleaver (level 9, -1/120 HPs)
             Began as a Minotaur Berserker on Mar 1, 2022.
             Was an Elder of Trog.
             Slain by a skeletal warrior
             ... wielding a +0 glaive
              (19 damage)
             ... on level 7 of the Dungeon.
             The game lasted 00:11:30 (5545 turns).

tognito the Cleaver (Minotaur Berserker)            Turns: 5545, Time: 00:11:31

Health: -1/120     AC: 11    Str: 25    XL:     9   Next: 77%
Magic:  8/8        EV: 14    Int:  4    God:    Trog [****..]
Gold:   307        SH:  0    Dex: 11    Spells: 8/8 levels left

rFire   + . .      SeeInvis .   b - +4 flail
rCold   + . .      Faith    .   (no shield)
rNeg    . . .      Spirit   .   c - +0 chain mail
rPois   .          Reflect  .   (helmet restricted)
rElec   .          Harm     .   l - scarf {rC+ rF+}
rCorr   .          Rampage  .   (no gloves)
Will    .....                   x - +0 pair of boots
Stlth   ..........              p - amulet of regeneration
HPRegen 1.10/turn               i - +4 ring of evasion
MPRegen 0.11/turn               (no ring)

@: berserking, very quick
A: horns 2, retaliatory headbutt, wild magic 1
a: Renounce Religion, Berserk, Trog's Hand, Brothers in Arms


You were on level 7 of the Dungeon.
You worshipped Trog.
Trog was greatly pleased with you.
You visited 1 branch of the dungeon, and saw 7 of its levels.

You collected 307 gold pieces.

Inventory:

Hand Weapons
 a - a +2 hand axe of electrocution
 b - a +4 flail (weapon)
Missiles
 v - 3 silver javelins (quivered)
Armour
 c - a +0 chain mail (worn)
 l - a scarf of resistance (worn)
 x - a +0 pair of boots (worn)
Jewellery
 i - a +4 ring of evasion (left hand)
 n - a +6 ring of intelligence
 p - an amulet of regeneration (around neck)
Wands
 s - a wand of paralysis (13)
 y - a wand of iceblast (10)
Scrolls
 d - a scroll of silence {unknown}
 e - 2 scrolls of noise {unknown}
 f - 2 scrolls of amnesia {unknown}
 h - 6 scrolls of identify {unknown}
 j - 2 scrolls of fog {unknown}
 k - 2 scrolls of fear {unknown}
 m - 3 scrolls of enchant armour {unknown}
 o - a scroll of enchant weapon {unknown}
Potions
 g - 2 potions of might
 r - 2 potions of curing
 t - a potion of heal wounds
 w - a potion of haste


   Skills:
 + Level 7.7 Fighting
 * Level 10.4 Axes
 + Level 5.4 Throwing
 + Level 7.2 Armour
 + Level 6.6 Dodging


You had 8 spell levels left.
You didn't know any spells.
Your spell library was empty.

Dungeon Overview and Level Annotations

Branches:
Dungeon (7/15)             Temple (0/1) D:5

Altars:
Gozag
Nemelex Xobeh
Wu Jian

Shops:
D:2 =   D:6 (   D:7 ?


Innate Abilities, Weirdness & Mutations

You have a pair of horns on your head.
You reflexively headbutt those who attack you in melee.
Your spells are a little harder to cast, but a little more powerful.


Message History

The acid dragon spits acid at you. The splash of acid hits you!!
The acid dragon completely misses you. The acid dragon closely misses you.
You completely miss the acid dragon. Your punch misses the acid dragon.
The acid dragon is lightly wounded.
The acid dragon barely misses you. You furiously retaliate!
You headbutt the acid dragon! The acid dragon barely misses you.
A red film seems to cover your vision as you go berserk!
You feel yourself moving faster!
You feel mighty! The acid dragon spits acid at you.
The splash of acid misses you.
You sock the acid dragon!
You kill the acid dragon!
Trog accepts your kill.
The skeletal warrior hits you from afar with a +0 glaive!!
Things that are here:
a staff of death; a +0 robe You bludgeon the skeletal warrior!!
The skeletal warrior is moderately damaged.
The skeletal warrior barely misses you.
You closely miss the skeletal warrior.
The skeletal warrior is moderately damaged.
A slime creature comes into view.
The skeletal warrior hits you with a +0 glaive!
You hit the skeletal warrior.
The skeletal warrior is moderately damaged.
The slime creature hits you!
* * * LOW HITPOINT WARNING * * *
The skeletal warrior closely misses you.
A manticore comes into view.
You bludgeon the slime creature!! You headbutt the slime creature!
The slime creature is severely wounded.
The skeletal warrior hits you from afar with a +0 glaive.
* * * LOW HITPOINT WARNING * * *
The slime creature hits you!
* * * LOW HITPOINT WARNING * * *
You thump the slime creature!
The slime creature is almost dead.
The skeletal warrior hits you from afar with a +0 glaive!!
You die...

#.......<.. #
#...#...!.. .###
#..........
#H.###...#........
####(...###...###..##
###..#J#..[.###. ...#
###....#z..#....# ...#
###......#J#$..#...
#...#
###........#@..#((..#
##..........#.#.(..# ###
#.##........#.((.####..#
#.####......#..####.##.#
##..####:....####....#.#
###..####..###......#.#
###..#####)...##[...#
###..##.##......#.#
###.)#####....#.#


You could see a skeletal warrior, 2 slime creatures and a manticore.

Vanquished Creatures
  Prince Ribbit (D:5)
  A wyvern (D:7)
  A wraith (D:7)
  A steam dragon (D:6)
  A vampire mosquito (D:7)
  An acid dragon (D:7)
  A sky beast (D:6)
  2 ice beasts
  4 ogres
  3 centaurs
  4 phantoms
  3 bullfrogs (D:7)
  2 necrophages
  3 scorpions
  A howler monkey (D:7)
  An orc priest (D:6)
  5 hounds
  Jessica (D:3)
  5 orc wizards
  4 iguanas
  16 gnolls
  13 adders
  2 shadow imps
  3 white imps
  6 worms
  2 dart slugs (D:2)
  23 orcs
  8 endoplasms
  4 giant cockroaches
  6 goblins
  12 hobgoblins
  2 jackals (D:3)
  5 kobolds
  4 quokkas
  8 ball pythons
  5 bats
  2 frilled lizards (D:1)
  2 rats
168 creatures vanquished.

Vanquished Creatures (others)
  A plant (D:6)
1 creature vanquished.

Grand Total: 169 creatures vanquished

Notes
Turn   | Place    | Note
-------+----------+-------------------------------------------
     0 | D:1      | tognito the Minotaur Berserker began the quest for the Orb.
     0 | D:1      | Reached XP level 1. HP: 19/19 MP: 0/0
   216 | D:1      | Reached XP level 2. HP: 27/27 MP: 1/1
   309 | D:1      | Reached skill level 4 in Axes
   936 | D:2      | Reached ** piety under Trog
   937 | D:2      | Reached XP level 3. HP: 33/33 MP: 2/2
   973 | D:2      | Reached skill level 1 in Throwing
  1245 | D:2      | Found a faded altar of an unknown god.
  1322 | D:2      | Reached XP level 4. HP: 34/40 MP: 3/3
  1441 | D:2      | Found an ornate altar of the Wu Jian Council.
  1596 | D:2      | Found Leaxamug's Jewellery Shoppe.
  2036 | D:3      | Reached XP level 5. HP: 46/46 MP: 4/4
  2084 | D:3      | Reached skill level 5 in Axes
  2161 | D:3      | You fall into a shaft and drop 3 floors!
  2399 | D:6      | Reached XP level 6. HP: 53/53 MP: 5/5
  2402 | D:6      | Noticed a steam dragon
  2410 | D:6      | Killed a steam dragon
  2417 | D:6      | Reached skill level 6 in Axes
  2423 | D:5      | Entered Level 5 of the Dungeon
  2503 | D:5      | Reached skill level 5 in Fighting
  2508 | D:5      | Reached XP level 7. HP: 60/61 MP: 6/6
  2576 | D:5      | Reached *** piety under Trog
  2748 | D:4      | Reached skill level 7 in Axes
  2945 | D:4      | Reached skill level 5 in Armour
  3002 | D:3      | Noticed Jessica
  3004 | D:3      | Killed Jessica
  3021 | D:3      | Reached XP level 8. HP: 70/70 MP: 7/7
  3658 | D:4      | Gained mutation: Your spells are a little harder to cast,
                  | but a little more powerful. [potion of mutation]
  3938 | D:5      | Found a sparkling altar of Nemelex Xobeh.
  3939 | D:5      | Found an opulent altar of Gozag.
  3948 | D:5      | Reached **** piety under Trog
  4009 | D:5      | Reached skill level 8 in Axes
  4013 | D:5      | Reached skill level 5 in Dodging
  4080 | D:5      | Found an ornate altar of the Wu Jian Council.
  4432 | D:5      | Noticed Prince Ribbit
  4459 | D:5      | Killed Prince Ribbit
  4473 | D:5      | Found a staircase to the Ecumenical Temple.
  4789 | D:6      | Found Keiwn's Hydra Hut.
  4789 | D:6      | Noticed a six-headed hydra
  4911 | D:6      | Reached skill level 9 in Axes
  4911 | D:6      | Reached XP level 9. HP: 78/78 MP: 8/8
  5222 | D:7      | Found Usiofotu's Magic Scroll Emporium.
  5431 | D:7      | Reached skill level 5 in Throwing
  5446 | D:7      | Reached skill level 10 in Axes
  5533 | D:7      | Identified the ring "Fuephag" {Will+ Dex+4}
  5533 | D:7      | Noticed a skeletal warrior
  5543 | D:7      | Noticed a manticore
  5545 | D:7      | Slain by a skeletal warrior

Illustrated notes

Levels and vault maps discovered:
D:1:      matt_arrival_diagonals, layout_loops_ring, kennysheep_boxes
D:2:      layout_basic, hellmonk_ecumenical_altar_leap_of_faith, serial_shops,
          nicolae_shop_window_shopping, basic_altar, hangedman_decor_points,
          minmay_misc_feat_hallway, kennysheep_pointless_box
D:3:      layout_basic, uniq_jessica
D:4:      layout_loops_cross, hangedman_glass_teeth, minmay_goblin_kobold_house
D:5:      layout_basic, grunt_temple_overflow_opulence,
          nzn_wu_jian_council_hall, minmay_temple_entry_sparse_star,
          uniq_prince_ribbit1
D:6:      layout_gridville, doesnt_shop_hydraphobe
D:7:      minmay_the_grid_triangle_9x9_rhombus_full
          [minmay_the_grid_triangle_9x9_pentomino_pain,
          minmay_the_grid_triangle_9x9_thin_v,
          minmay_the_grid_triangle_9x9_warning,
          minmay_the_grid_triangle_9x9_flanged_cone,
          minmay_the_grid_triangle_9x9_dagger,
          minmay_the_grid_triangle_9x9_negative_grid,
          minmay_the_grid_triangle_9x9_empty,
          minmay_the_grid_triangle_9x9_prize_schism], layout_basic,
          kennysheep_little_box, marbit_many_paths, serial_shops,
          nicolae_shop_advertising_works [nicolae_subvault_shop_adworks],
          minivault_1, chequers_guarded_unrand_ignorance, uniq_maggie

Skill      XL: |  1  2  3  4  5  6  7  8  9 |
---------------+----------------------------+-----
Axes           | 4 5 6 7 9 10 | 10.4
Throwing       | 1 2 3 4 5 |  5.4
Fighting       | 4 5 6 7 |  7.7
Armour         | 3 4 5 6 7 |  7.2
Dodging        | 3 4 5 6 |  6.6

Action                   |  1- 3 |  4- 6 |  7- 9 || total
-------------------------+-------+-------+-------++-------
Melee: Hand axe          |    71 |    89 |   174 ||   334
       Headbutt          |     7 |    10 |    40 ||    57
       Punch             |       |     1 |       ||     1
       Flail             |       |       |    46 ||    46
Throw: Javelin           |       |       |    29 ||    29
       Dart              |       |       |    14 ||    14
Invok: Berserk           |     1 |     2 |     1 ||     4
  Use: Potion            |     1 |     1 |     6 ||     8
Armor: Chain mail        |    41 |    45 |    72 ||   158
Dodge: Dodged            |    38 |    46 |   142 ||   226

Table legend: (Time is in decaauts)
 A = Elapsed time spent in this place.
 B = Non-inter-level travel time spent in this place.
 C = Inter-level travel time spent in this place.
 D = Time resting spent in this place.
 E = Time spent auto-exploring this place.
 F = Levels seen in this place.
 G = Mean time per level.
                   A        B        C        D        E       F      G
               +--------+--------+--------+--------+--------+-----+--------+
         Total |   5577 |   5335 |    242 |      0 |   4243 |   7 |  796.7 |
       Dungeon |   5577 |   5335 |    242 |      0 |   4243 |   7 |  796.7 |
               +--------+--------+--------+--------+--------+-----+--------+

Top non-repeatable levels by time:
     D:5: 1018 daAuts
     D:1: 954 daAuts
     D:2: 859 daAuts
     D:6: 833 daAuts
     D:3: 800 daAuts
     D:4: 785 daAuts
     D:7: 324 daAuts
